 Dungeon Crawl Stone Soup version 0.19.1 (webtiles) character file.

3532 nomor the Fighter (level 9, -3/76 HPs)
             Began as a Demonspawn Abyssal Knight on Dec 23, 2016.
             Was a High Priest of Lugonu.
             Slain by a killer bee (12 damage)
             ... on level 8 of the Dungeon on Dec 24, 2016.
             The game lasted 00:57:07 (7237 turns).

nomor the Fighter (Demonspawn Abyssal Knight)       Turns: 7237, Time: 00:57:10

Health: -3/76      AC: 13    Str: 12    XL:     9   Next: 82%
Magic:  0/15       EV:  6    Int: 14    God:    Lugonu [*****.]
Gold:   150        SH:  0    Dex: 16    Spells: 1 memorised, 10 levels left

rFire  . . .     SeeInvis .     y - +0 halberd
rCold  . . .     Gourm    +     S - +0 chain mail
rNeg   . . .     Faith    .     (shield currently unavailable)
rPois  +         Spirit   +     (helmet restricted)
rElec  .         Reflect  .     F - +0 cloak
rCorr  .         Harm     .     E - +0 pair of gloves
MR     +....                    a - +0 pair of boots
Stlth  ..........               K - amulet of the gourmand
                                R - ring of protection from magic
                                u - ring of poison resistance

@: lethally poisoned (-3 -> -10)
A: claws 1, hooves 1, horns 1, mutation resistance 1, spiny 2, magic shield
a: Depart the Abyss, Bend Space, Banish, Corrupt, Enter the Abyss, Renounce
Religion


You were on level 8 of the Dungeon.
You worshipped Lugonu.
Lugonu was extremely pleased with you.
You were full.

You visited 2 branches of the dungeon, and saw 9 of its levels.
You visited the Abyss 1 time.

You collected 475 gold pieces.
You spent 325 gold pieces at shops.

Inventory:

Hand Weapons
 b - a +0 trident
 l - a +1 dire flail of venom
 y - a +0 halberd (weapon)
Armour
 a - a +0 pair of boots (worn)
 n - a +0 buckler
 E - a +0 pair of gloves (worn)
 F - a +0 cloak (worn)
 S - a +0 chain mail (worn)
Jewellery
 u - a ring of poison resistance (left hand)
 K - an amulet of the gourmand (around neck)
 R - a ring of protection from magic (right hand)
Wands
 A - a wand of digging (13/24)
Scrolls
 d - 3 scrolls of remove curse {unknown}
 g - 3 scrolls of immolation {unknown}
 j - 2 scrolls of fear {unknown}
 k - 2 scrolls of enchant weapon {unknown}
 o - 2 scrolls of enchant armour {unknown}
 q - 2 scrolls of fog {unknown}
 s - 3 scrolls of amnesia
 D - a scroll of magic mapping
 G - a scroll of random uselessness {unknown}
 H - 4 scrolls of teleportation
 L - a scroll of recharging {unknown}
 O - a scroll of torment {unknown}
Potions
 e - a potion of magic
 f - 2 potions of curing
 h - a potion of agility
 p - 2 potions of berserk rage
 r - a potion of mutation {unknown}
 t - 3 potions of invisibility
 v - 2 potions of ambrosia
 w - 3 potions of heal wounds
 C - 3 potions of flight
 J - a potion of cure mutation {unknown}
 M - a potion of degeneration {unknown}
Books
 I - a book of the Tempests

   Spells                             Type                      Level
   a - Static Discharge               Conjuration/Air              3
   b - Lightning Bolt                 Conjuration/Air              5
   c - Fireball                       Conjuration/Fire             5
   d - Tornado                        Air                          9
   e - Shatter                        Earth                        9
 Q - a book of the Warp

   Spells                             Type                      Level
   a - Gell's Gravitas                Hexes/Translocation          3
   b - Portal Projectile              Translocation                3
   c - Force Lance                    Conjuration/Translocation    4
   d - Dispersal                      Translocation                6
   e - Controlled Blink               Translocation                8
   f - Disjunction                    Translocation                8
Comestibles
 c - 5 bread rations
 i - 4 meat rations
 B - 9 fruits
 N - a slice of pizza


   Skills:
 + Level 9.1 Fighting
 + Level 5.7 Polearms
 + Level 5.6 Armour
 - Level 1.3 Dodging
 + Level 2.8 Spellcasting
 * Level 1.4 Conjurations
 * Level 1.2 Air Magic
 + Level 8.1 Invocations


You had 10 spell levels left.
You knew the following spells:

 Your Spells              Type           Power        Failure   Level  Hunger
a - Static Discharge      Conj/Air       #.......     100%        3    ###....


Dungeon Overview and Level Annotations

Branches:
Dungeon (8/15)             Temple (1/1) D:4
   Lair: D:8-11

Altars:
Ashenzari
Cheibriados
Dithmenos
Elyvilon
Fedhas
Gozag
Hepliaklqana
Kikubaaqudgha
Makhleb
Nemelex Xobeh
Okawaru
Qazlal
Ru
Sif Muna
Trog
Uskayaw
Vehumet
Yredelemnul
Zin
The Shining One

Shops:
D:8 =


Innate Abilities, Weirdness & Mutations

You have sharp fingernails.
You have large cloven feet.
You have a pair of small horns on your head.
You are mostly covered in sharp spines.
When hurt, damage is shared between your health and your magic reserves.
You are somewhat resistant to further mutation.


Message History

The killer bee is struck by your spines.
The killer bee stings you!
* * * LOW HITPOINT WARNING * * *
The killer bee is struck by your spines.
You kill the killer bee!
Lugonu accepts your kill.
The killer bee is struck by your spines.
The killer bee stings you but does no damage.
The queen bee calls on the killer bee to defend it!
The killer bee goes berserk!
The queen bee calls on the killer bee to defend it!
The killer bee goes berserk!
Space bends around you!
You blink.
* * * LOW HITPOINT WARNING * * *
A giant cockroach comes into view.
The killer bee stings you.
* * * LOW HITPOINT WARNING * * *
The killer bee stings you but does no damage.
The killer bee stings you!
You die...

#..%.# #. #....##.
##...###### #..# ##.......
#.#...#...## #.## #........
#.###.....s.##
###.>###..#..... #y#
#........###.........#.....
#y#
#......†.)...####.#.##.....
y#
#.......oyyy..§....<)...%..
#
#........##yy.(.##.)..)>....
#...#...###@###...(.<.......
?.[.###### #>#
#.#####....... .....
####.##..###.....#### #####
#.......##...###...##
##.#..#####.### ###...
#####..#.#####..# ###.
#.....#..##....## ##
#..###...###.#### # #.
#.####..# #


You could see a queen bee, 4 killer bees and a giant cockroach.

Vanquished Creatures
  Pikel (D:6)
  The ghost of malin the Poker, a novice TeAK of Lugonu (D:4)
  A hippogriff (D:8)
  Edmund (D:5)
  2 slaves (D:6)
  An ice beast (D:7)
  A sky beast (D:7)
  An eye of draining (D:8)
  3 ogres
  2 big kobolds
  3 bullfrogs
  A scorpion (D:6)
  20 killer bees
  A howler monkey (D:5)
  2 crimson imps (D:7)
  An orc priest (D:4)
  A bullfrog skeleton (D:7)
  A gnoll shaman (D:5)
  Ijyb (D:2)
  2 iguanas
  4 orc wizards
  6 worker ants
  7 adders
  10 gnolls
  An ooze (D:2)
  6 worms
  A dart slug (D:4)
  6 leopard geckos
  15 orcs
  A ball python (D:4)
  9 giant cockroaches
  11 goblins
  9 hobgoblins
  3 quokkas
  5 bats
  3 frilled lizards
  A jackal skeleton (D:4)
  18 kobolds
  A leopard gecko skeleton (D:5)
  A quokka zombie (D:5)
  13 rats
178 creatures vanquished.

Vanquished Creatures (others)
  A slave (D:6)
  A worker ant (D:6)
  A quokka skeleton (D:6)
3 creatures vanquished.

Grand Total: 181 creatures vanquished

Notes
Turn   | Place    | Note
-------+----------+-------------------------------------------
     0 | Abyss:1  | nomor the Demonspawn Abyssal Knight began the quest for the Orb.
     0 | Abyss:1  | Reached XP level 1. HP: 18/18 MP: 2/2
     7 | D:1      | Escaped the Abyss
   242 | D:1      | Gained mutation: You are partially covered in sharp spines. [demonic ancestry]
   242 | D:1      | Reached XP level 2. HP: 23/24 MP: 3/3
   363 | D:1      | Reached ** piety under Lugonu
   962 | D:2      | Reached skill level 1 in Dodging
   962 | D:2      | Gained mutation: When hurt, damage is shared between your health and your magic reserves. [demonic ancestry]
   962 | D:2      | Reached XP level 3. HP: 26/29 MP: 4/4
  1301 | D:2      | Noticed Ijyb
  1316 | D:2      | Killed Ijyb
  1316 | D:2      | Gained mutation: You have a pair of small horns on your head. [demonic ancestry]
  1316 | D:2      | Reached XP level 4. HP: 14/37 MP: 3/6
  1916 | D:3      | Reached skill level 4 in Fighting
  1921 | D:3      | Reached *** piety under Lugonu
  2473 | D:3      | Gained mutation: You have large cloven feet. [demonic ancestry]
  2473 | D:3      | Reached XP level 5. HP: 37/42 MP: 5/7
  3148 | D:4      | Noticed malin's ghost (novice TeAK)
  3279 | D:4      | Killed malin's ghost
  3279 | D:4      | Reached skill level 5 in Fighting
  3279 | D:4      | Reached XP level 6. HP: 12/51 MP: 3/9
  3498 | D:4      | Found a staircase to the Ecumenical Temple.
  3562 | Temple   | Entered the Ecumenical Temple
  3776 | D:4      | Gained mutation: You have sharp fingernails. [demonic ancestry]
  3776 | D:4      | Reached XP level 7. HP: 51/56 MP: 8/10
  3826 | D:4      | Found a blossoming altar of Fedhas.
  4092 | D:4      | Found a radiant altar of Vehumet.
  4292 | D:4      | Reached skill level 5 in Invocations
  4294 | D:4      | Reached **** piety under Lugonu
  4413 | D:5      | Entered Level 5 of the Dungeon
  4537 | D:5      | Noticed Edmund
  4556 | D:5      | Killed Edmund
  4700 | D:5      | Reached skill level 6 in Fighting
  5413 | D:6      | Noticed Pikel
  5424 | D:6      | Killed Pikel
  5424 | D:6      | Reached skill level 7 in Fighting
  5424 | D:6      | Reached XP level 8. HP: 57/67 MP: 12/12
  6114 | D:7      | Reached skill level 5 in Polearms
  6115 | D:7      | Reached skill level 1 in Spellcasting
  6122 | D:7      | Reached skill level 8 in Fighting
  6123 | D:7      | Gained mutation: You are mostly covered in sharp spines. [demonic ancestry]
  6123 | D:7      | Reached XP level 9. HP: 49/74 MP: 11/14
  6327 | D:7      | Found a faded altar of an unknown god.
  6327 | D:7      | Found an ancient bone altar of Kikubaaqudgha.
  6332 | D:7      | Found a faded altar of an unknown god.
  6337 | D:7      | Found a snail-covered altar of Cheibriados.
  6339 | D:7      | Found a faded altar of an unknown god.
  6439 | D:7      | Reached skill level 5 in Armour
  6765 | D:7      | Reached ***** piety under Lugonu
  7030 | D:8      | Reached skill level 9 in Fighting
  7078 | D:8      | Learned a level 3 spell: Static Discharge
  7155 | D:8      | Found Ymibil's Jewellery Shop.
  7163 | D:8      | Bought an uncursed ring of protection from magic for 325 gold pieces
  7170 | D:8      | Gained mutation: You are somewhat resistant to further mutation. [potion of beneficial mutation]
  7218 | D:8      | Reached skill level 1 in Conjurations
  7218 | D:8      | Reached skill level 1 in Air Magic
  7219 | D:8      | Noticed a queen bee
  7237 | D:8      | Slain by a killer bee

Skill      XL: |  1  2  3  4  5  6  7  8  9 |
---------------+----------------------------+-----
Polearms       | 2 3 4 5 |  5.7
Armour         | 2 3 4 5 |  5.6
Dodging        | 1 |  1.3
Invocations    | 3 4 6 8 |  8.1
Fighting       | 4 5 7 8 9 |  9.1
Spellcasting   | 1 2 |  2.8
Conjurations   | 1 |  1.4
Air Magic      | 1 |  1.2

Action                   |  1- 3 |  4- 6 |  7- 9 || total
-------------------------+-------+-------+-------++-------
Melee: Spear             |   100 |    81 |       ||   181
       Headbutt          |       |    23 |    37 ||    60
       Halberd           |       |    33 |    71 ||   104
       Dagger            |       |    14 |       ||    14
       Kick              |       |    11 |       ||    11
       Dire flail        |       |       |   123 ||   123
       Trident           |       |       |    38 ||    38
Invok: Bend Space        |       |     2 |     1 ||     3
  Use: Scroll            |       |     5 |     8 ||    13
       Potion            |       |     4 |     1 ||     5
 Stab: Sleeping          |     1 |       |       ||     1
  Eat: Chunk             |     1 |     7 |    14 ||    22
       Meat ration       |       |       |     1 ||     1
Armor: Leather armour    |     8 |       |       ||     8
       Ring mail         |    14 |       |       ||    14
       Scale mail        |       |    54 |    12 ||    66
       Chain mail        |       |       |   179 ||   179
Dodge: Dodged            |    42 |    68 |    97 ||   207
